 Dungeon Crawl Stone Soup version 0.20-a0-850-ge5a7832 (webtiles) character file.

81983 HEYYEYAAE the Fighter (level 15, -4/93 HPs)
             Began as a Vine Stalker Chaos Knight on Mar 10, 2017.
             Slain by an enormous slime creature (56 damage)
             ... on level 13 of the Dungeon.
             The game lasted 00:51:38 (18839 turns).

HEYYEYAAE the Fighter (Vine Stalker Chaos Knight)  Turns: 18839, Time: 00:51:39

Health: -4/93      AC: 19    Str: 14 (17) XL:     15   Next: 72%
Magic:  0/29       EV: 18    Int:  9 (10) God:    Xom [.*....]
Gold:   1867       SH:  0    Dex: 17 (18) Spells: 27/33 levels left

rFire    + + .     SeeInvis .   b - +8 whip "Snakebite" {curare, rPois}
rCold    . . .     Gourm    .   P - +1 ring mail {rPois}
rNeg     . . .     Faith    .   (no shield)
rPois    +         Spirit   +   R - +2 hat {MR+}
rElec    +         Reflect  .   h - +0 cloak
rCorr    .         Harm     .   y - +2 pair of gloves
MR       ++...                  I - +1 pair of boots
Stlth    +.........             z - amulet of rage
Regen    1.1/turn               J - +3 ring of slaying
MPRegen  0.3/turn               W - ring of protection from fire

@: studying Dodging
A: antennae 1, fangs 3, icy blue scales 1, deterioration 2, dopey 1, fire
resistance 1, regeneration 2, robust 1, electricity resistance, wild magic 1,
magic shield, antimagic bite, no potion heal 3, rot immunity
a: Renounce Religion, Evoke Berserk Rage


You were on level 13 of the Dungeon.
You worshipped Xom.
You were a plaything of Xom.
You were hungry.

You visited 3 branches of the dungeon, and saw 21 of its levels.
You also visited: Volcano.

You collected 2684 gold pieces.
You spent 817 gold pieces at shops.

Inventory:

Hand Weapons
 b - the +8 whip "Snakebite" (weapon) {curare, rPois}
   (You found it on level 1 of the Lair of Beasts)

   It poisons the flesh of those it strikes.
   It protects you from poison.
 A - a +0 longbow
 L - a +1 dagger of electrocution
Missiles
 t - 613 arrows
Armour
 h - a +0 cloak (worn)
 y - a +2 pair of gloves (worn)
 I - a +1 pair of boots (worn)
 P - a +1 ring mail of poison resistance (worn)
 R - a +2 hat of magic resistance (worn)
Jewellery
 m - an uncursed ring of protection from cold
 u - a +5 ring of dexterity
 z - an amulet of rage (around neck)
 J - a +3 ring of slaying (right hand)
 N - the ring of Descent {rN++ MP+9}
   (Xom gifted it to you on level 8 of the Dungeon)

   [ring of magical power]

   It greatly protects you from negative energy.
   It affects your magic capacity (+9).
 W - a ring of protection from fire (left hand)
Wands
 j - a wand of polymorph (9/24)
 p - a wand of acid (4/15)
 v - a wand of iceblast (3/15)
 E - a wand of scattershot (0/9)
 H - a wand of paralysis (0/24)
 K - a wand of lightning (7/15)
 S - a wand of acid (2/15)
 U - a wand of confusion (19/48)
Scrolls
 a - a scroll of immolation
 l - 10 scrolls of remove curse
 o - 3 scrolls of teleportation
 r - a scroll of holy word
 C - 3 scrolls of fear
 D - a scroll of enchant armour
 G - 3 scrolls of enchant weapon
 M - 2 scrolls of summoning
 O - a scroll of fog
 T - 5 scrolls of magic mapping
 Z - 2 scrolls of blinking
Potions
 e - 6 potions of flight
 g - a potion of might
 i - a potion of ambrosia
 k - 6 potions of curing
 n - a potion of haste
 q - 2 potions of magic
 s - 2 potions of agility
 x - 7 potions of lignification
 B - a potion of resistance
 Q - 2 potions of mutation
 V - a potion of berserk rage
 X - 2 potions of cancellation
Books
 F - a manual of Dodging
Miscellaneous
 Y - a phantom mirror
Comestibles
 c - 9 bread rations
 d - 25 fruits
 f - 9 meat rations
 w - 30 royal jellies


   Skills:
 * Level 12.5 Fighting
   Level 2.6 Polearms
 * Level 11.7 Bows
 + Level 8.9 Armour
 * Level 10.9 Dodging
 + Level 9.6 Spellcasting
 + Level 5.7 Translocations
 + Level 9.0 Evocations


You had 27 spell levels left.
You knew the following spells:

 Your Spells              Type           Power        Failure   Level  Hunger
a - Gell's Gravitas       Tloc           ###.......   14%         3    ###....
b - Portal Projectile     Hex/Tloc       ##....       36%         3    ###....


Dungeon Overview and Level Annotations

Branches:
Dungeon (13/15)            Temple (0/1) D:6            Lair (6/6) D:10
  Swamp (0/4) Lair:2       Spider (0/4) Lair:3        Slime (0/5) Lair:5
    Orc (2/2) D:9             Elf (0/3) Orc:2        Vaults (0/5) D:13

Altars:
Kikubaaqudgha
Nemelex Xobeh
Trog
Xom
Jiyva

Shops:
Orc:2 ?[:(

Annotations:
Lair:5 1 runed door


Innate Abilities, Weirdness & Mutations

You have razor-sharp teeth.
You heal very quickly.
When hurt, damage is shared between your health and your magic reserves.
Your bite disrupts and absorbs the magic of your enemies.
Potions cannot restore your health.
You are immune to rotting.
You have a pair of small antennae on your head.
You are partially covered in icy blue scales. (AC +2)
Your body often deteriorates upon taking damage.
You are dopey. (Int -2)
Your flesh is heat resistant. (rF+)
You are robust. (+10% HP)
You are resistant to electric shocks. (rElec)
Your spells are a little harder to cast, but a little more powerful.


Message History

The enormous slime creature is poisoned.
You bite the enormous slime creature. You drain its power.
The enormous slime creature is lightly wounded.
The enormous slime creature hits you!!!
Your body deteriorates!
You feel clumsy.
You whack the enormous slime creature!
The enormous slime creature is lightly wounded.
The enormous slime creature hits you but does no damage.
Unknown command.
An enormous slime creature splits.
There is an open door here.
A slime creature suddenly becomes an enormous slime creature.
You whack the enormous slime creature!
The enormous slime creature looks as sick as possible!
You bite the enormous slime creature, but do no damage.
The enormous slime creature is lightly wounded.
The enormous slime creature hits you!!!!
Ouch! That really hurt!
You die...
Xom laughs nastily!

############ ##..........#
..... ...........# #######
(....###.........# .......
.................# .......
.................###.......
...###...........J.#..J.J..
................@#J#.....!.
.........†)).....#.#.......
#..#....†.....#.........
.....###'###########.......
.##### #.## ######. # #..#
# ##.# ######+## # #.#
#.......# #### #.#
#.......#


You could see an enormous slime creature.

Vanquished Creatures
  Frances (D:12)
  Gastronok (D:9)
  An orc warlord (Orc:1)
  A stone giant (Volcano)
  Azrael (D:13)
  Fannar (D:11)
  A fire dragon (Lair:6)
  6 hydras
  4 centaur warriors
  4 two-headed ogres
  2 dancing weapons (D:13)
  An alligator (Lair:6)
  A queen ant (Lair:3)
  Urug (D:12)
  An orc high priest (Orc:2)
  Sonja (D:12)
  A fire crab (Lair:6)
  A death drake (D:12)
  3 unseen horrors
  A swamp dragon (Lair:6)
  3 orc knights
  A lindwurm (Lair:6)
  2 deep elf magi
  2 orc sorcerers (Orc:1)
  2 wolf spiders (Lair:3)
  A salamander (D:12)
  A salamander (shapeshifter) (Lair:6)
  2 manticores (Lair:2)
  2 cyclopes
  Maurice (D:9)
  An elephant (Lair:2)
  5 black mambas
  Joseph (D:9)
  2 molten gargoyles (Volcano)
  Psyche (D:12)
  2 gargoyles (Volcano)
  6 spiny frogs
  4 rime drakes
  An efreet (Volcano)
  5 komodo dragons
  2 trolls (Orc:1)
  A queen bee (Lair:2)
  10 polar bears (Lair:6)
  A meliai (Orc:2)
  A tyrant leech (Lair:6)
  A meliai (shapeshifter) (D:13)
  24 blink frogs
  12 hippogriffs
  7 dream sheep (Lair:4)
  2 redbacks (Lair:3)
  A shadow (D:11)
  Sigmund (D:2)
  2 wyverns (Lair:4)
  46 yaks
  2 fire bats (Volcano)
  3 fire elementals
  A hog (Lair:6)
  5 basilisks
  2 hungry ghosts
  15 soldier ants
  6 wargs
  19 water moccasins
  4 acid dragons
  22 hell hounds
  4 porcupines
  28 orc warriors
  2 hornet zombies
  3 sky beasts
  2 necrophages
  An eye of draining (shapeshifter) (Lair:6)
  An eye of draining (D:11)
  6 ice beasts
  14 black bears
  3 phantoms
  11 ogres
  16 wolves
  15 centaurs
  11 crocodiles
  2 big kobolds
  8 bullfrogs
  An earth elemental (Volcano)
  4 scorpions
  28 killer bees
  6 howler monkeys
  2 bullfrog zombies
  2 crimson imps
  5 lava snakes (Volcano)
  3 centaur zombies
  5 hounds
  2 jellies
  17 orc priests
  A bullfrog skeleton (D:11)
  2 centaur skeletons
  16 orc wizards
  Natasha (thrice) (D:4)
  3 iguanas
  A hell rat (Lair:2)
  40 worker ants
  A hound skeleton (D:8)
  2 gnolls (D:6)
  12 adders
  3 oozes
  An adder zombie (D:9)
  An adder skeleton (D:4)
  A worm (D:5)
  8 leopard geckos
  112 orcs
  8 bats
  4 giant cockroaches
  9 goblins
  5 hobgoblins
  10 jackals
  A quokka (D:4)
  7 frilled lizards
  14 kobolds
  2 leopard gecko skeletons
  6 rats
  2 fungi
  3 plants
749 creatures vanquished.

Vanquished Creatures (collateral kills)
  A black mamba (Lair:5)
  2 blink frogs
  3 yaks
  2 water moccasins (Lair:5)
  An ice beast (D:6)
  A centaur (Orc:2)
  2 killer bees (Lair:2)
  An orc wizard (D:7)
  2 gnolls (D:6)
  2 orcs
17 creatures vanquished.

Vanquished Creatures (others)
  An orc warrior (Orc:2)
  2 centaurs (D:13)
  A jelly (D:13)
  An orc (Orc:1)
  8 fungi
  31 plants
44 creatures vanquished.

Grand Total: 810 creatures vanquished

Notes
Turn   | Place    | Note
-------+----------+-------------------------------------------
     0 | D:1      | HEYYEYAAE the Vine Stalker Chaos Knight began the quest for the Orb.
     0 | D:1      | Reached XP level 1. HP: 11/11 MP: 2/2
    23 | D:1      | Reached skill level 1 in Dodging
    45 | D:1      | Reached XP level 2. HP: 16/16 MP: 3/3
    85 | D:1      | Reached skill level 3 in Fighting
   330 | D:1      | XOM: divination: magic mapping
   331 | D:1      | Reached skill level 1 in Spellcasting
   331 | D:1      | Reached XP level 3. HP: 18/20 MP: 5/5
   376 | D:1      | XOM: cloud trail
   689 | D:2      | XOM: cloud trail
   693 | D:2      | Noticed Sigmund
   700 | D:2      | XOM: fog
   721 | D:2      | Xom revived you
   815 | D:2      | XOM: scenery: create altars
   946 | D:2      | Killed Sigmund
   946 | D:2      | Reached skill level 4 in Fighting
   946 | D:2      | Gained mutation: Your natural rate of healing is unusually fast. [Vine Stalker growth]
   946 | D:2      | Reached XP level 4. HP: 13/25 MP: 3/8
   946 | D:2      | Reached XP level 5. HP: 16/29 MP: 3/9
  1268 | D:2      | XOM: harmless Tmut miscast
  1508 | D:3      | XOM: harmless Tmut miscast
  1532 | D:3      | XOM: blink monster(s)
  1539 | D:3      | Reached XP level 6. HP: 32/33 MP: 10/10
  1811 | D:3      | XOM: harmless Chrm miscast
  2053 | D:3      | XOM: medium Pois miscast
  2228 | D:4      | Found a bloodstained altar of Trog.
  2266 | D:4      | XOM: noise
  2311 | D:4      | Noticed Natasha
  2313 | D:4      | Reached skill level 1 in Evocations
  2313 | D:4      | Reached XP level 7. HP: 38/38 MP: 11/11
  2320 | D:4      | Killed Natasha
  2490 | D:4      | Reached skill level 5 in Fighting
  2491 | D:4      | XOM: 2-stop teleportation journey
  2573 | D:4      | Noticed Natasha
  2578 | D:4      | Killed Natasha
  2627 | D:4      | Noticed Natasha
  2629 | D:4      | XOM: god gift: ring of protection from cold {god gift}
  2643 | D:4      | Killed Natasha
  2751 | D:4      | Found a sparkling altar of Nemelex Xobeh.
  2789 | D:5      | Entered Level 5 of the Dungeon
  2981 | D:5      | Gained mutation: You have razor-sharp teeth. [Vine Stalker growth]
  2981 | D:5      | Reached XP level 8. HP: 33/44 MP: 9/13
  3107 | D:5      | XOM: polymorph scorpion -> ogre
  3121 | D:5      | Reached skill level 6 in Fighting
  3121 | D:5      | Reached skill level 1 in Bows
  3288 | D:5      | You fall through a shaft for 3 floors!
  3294 | D:8      | Noticed a two-headed ogre
  3295 | D:8      | XOM: harmless Air miscast
  3296 | D:8      | XOM: noise
  3302 | D:8      | XOM: smoke on damage
  3307 | D:8      | Killed a two-headed ogre
  3307 | D:8      | Reached XP level 9. HP: 6/49 MP: 6/16
  3649 | D:6      | XOM: scenery: 1 doors open
  3682 | D:6      | Found a staircase to the Ecumenical Temple.
  3834 | D:6      | Found an ancient bone altar of Kikubaaqudgha.
  4067 | D:6      | XOM: enchant monster (good)
  4323 | D:5      | XOM: give mutation
  4323 | D:5      | Gained mutation: You are agile. (Dex +2) [Xom's grace]
  4349 | D:5      | XOM: give mutations
  4349 | D:5      | Gained mutation: You passively map a small area around you. [Xom's grace]
  4349 | D:5      | Gained mutation: You are robust. (+10% HP) [Xom's grace]
  4349 | D:5      | Gained mutation: Your spells are a little harder to cast, but a little more powerful. [Xom's grace]
  4378 | D:5      | XOM: give mutations
  4378 | D:5      | Gained mutation: You are surrounded by a mild repulsion field. (EV +2) [Xom's grace]
  4378 | D:5      | Gained mutation: You are partially covered in icy blue scales. (AC +2) [Xom's grace]
  4378 | D:5      | Gained mutation: You are very robust. (+20% HP) [Xom's grace]
  4378 | D:5      | Gained mutation: You possess an exceptional clarity of mind. [Xom's grace]
  4470 | D:7      | XOM: summons friendly quasit
  4478 | D:7      | Reached skill level 7 in Fighting
  5111 | D:8      | Reached skill level 5 in Spellcasting
  5120 | D:8      | Reached XP level 10. HP: 65/66 MP: 18/18
  5350 | D:8      | XOM: divination: magic mapping
  5443 | D:8      | XOM: god gift: heavily runed copper ring {god gift}
  5444 | D:8      | Got a heavily runed copper ring {god gift}
  5862 | D:8      | XOM: god gift: sapphire potion {god gift}
  5942 | D:8      | XOM: scenery: create altars
  5955 | D:8      | Identified the ring of Descent {rN++ MP+9} (Xom gifted it to you on level 8 of the Dungeon)
  5994 | D:9      | Noticed Joseph
  5999 | D:9      | Killed Joseph
  6031 | D:9      | Reached skill level 8 in Fighting
  6057 | D:9      | XOM: polymorph killer bee -> jelly
  6071 | D:9      | Reached skill level 5 in Bows
  6082 | D:9      | Noticed Gastronok
  6093 | D:9      | Noticed Maurice
  6098 | D:9      | XOM: scenery: create altars
  6150 | D:9      | XOM: confuse monster(s)
  6154 | D:9      | Killed Maurice
  6173 | D:9      | XOM: fog
  6201 | D:9      | Killed Gastronok
  6201 | D:9      | Reached skill level 5 in Armour
  6201 | D:9      | Reached skill level 5 in Dodging
  6307 | D:9      | Found a staircase to the Orcish Mines.
  6317 | D:9      | Noticed a two-headed ogre
  6322 | D:9      | XOM: divination: detect items
  6331 | D:9      | Killed a two-headed ogre
  6331 | D:9      | Reached skill level 5 in Evocations
  6331 | D:9      | Reached XP level 11. HP: 41/72 MP: 17/21
  6450 | D:9      | Noticed a two-headed ogre
  6457 | D:9      | Killed a two-headed ogre
  6457 | D:9      | Reached skill level 9 in Fighting
  7065 | D:10     | Entered Level 10 of the Dungeon
  7088 | D:10     | XOM: summons friendly iron imp
  7091 | D:10     | XOM: cast spell 'Ring of Flames'
  7105 | D:10     | XOM: medium Summ miscast
  7234 | D:10     | XOM: enchant monster (good)
  7248 | D:10     | Noticed a deep elf mage
  7256 | D:10     | Killed a deep elf mage
  7290 | D:10     | XOM: fog
  7401 | D:10     | XOM: 2-stop teleportation journey
  7420 | D:10     | Found a staircase to the Lair.
  7490 | D:10     | XOM: harmless Conj miscast
  7520 | D:10     | XOM: harmless Tloc miscast
  7572 | D:10     | Killed an unseen horror
  7601 | D:10     | XOM is BORED!
  7601 | D:10     | XOM: give mutations
  7601 | D:10     | Lost mutation: You are agile. (Dex +2) [Xom's mischief]
  7601 | D:10     | Lost mutation: You are very robust. (+20% HP) [Xom's mischief]
  7601 | D:10     | Gained mutation: You are dopey. (Int -2) [Xom's mischief]
  7886 | D:10     | XOM: harmless Air miscast
  7918 | D:11     | XOM: potion effect (invisibility)
  8092 | D:11     | Noticed Fannar
  8119 | D:11     | XOM: potion effect (berserk rage)
  8122 | D:11     | XOM: harmless Chrm miscast
  8126 | D:11     | Killed Fannar
  8128 | D:11     | XOM: silly message
  8144 | D:11     | Noticed a cyclops
  8145 | D:11     | XOM: butterfly on damage
  8263 | D:11     | Killed a cyclops
  8263 | D:11     | Gained mutation: You heal very quickly. [Vine Stalker growth]
  8263 | D:11     | Reached XP level 12. HP: 52/73 MP: 23/23
  8303 | D:11     | XOM: divination: detect creatures
  8598 | D:11     | XOM: silly message
  8739 | D:11     | XOM: divination: detect items
  8742 | D:11     | Reached skill level 10 in Fighting
  8914 | D:12     | Noticed Urug
  8916 | D:12     | Noticed Nergalle
  8916 | D:12     | Noticed Frances
  8919 | D:12     | XOM: divination: detect creatures
  8966 | D:12     | XOM: potion effect (invisibility)
  9002 | D:12     | XOM: divination: magic mapping
  9084 | D:12     | Noticed Psyche
  9090 | D:12     | Killed Psyche
  9182 | D:12     | XOM: potion effect (brilliance)
  9190 | D:12     | XOM: harmless Pois miscast
  9191 | D:12     | XOM: divine lightning
  9194 | D:12     | Killed Urug
  9221 | D:12     | Noticed Sonja
  9241 | D:12     | Killed Sonja
  9285 | D:12     | XOM: summons friendly crimson imp
  9306 | D:12     | Noticed Nergalle
  9306 | D:12     | Nergalle changed into Nergalle the death drake
  9317 | D:12     | Killed Nergalle the death drake
  9409 | D:12     | Noticed Harold
  9416 | D:12     | XOM: polymorph crimson imp -> quasit
  9418 | D:12     | XOM: god gift: 53 gold pieces
  9420 | D:12     | Noticed Harold
  9420 | D:12     | Harold changed into Harold the salamander
  9420 | D:12     | XOM: polymorph Harold -> Harold the salamander
  9436 | D:12     | Killed Harold the salamander
  9515 | D:12     | Noticed a soul eater
  9516 | D:12     | Noticed a soul eater
  9525 | D:12     | XOM: scenery: 1 doors close
  9526 | D:12     | XOM: destruction
  9527 | D:12     | Noticed a soul eater
  9645 | Lair:1   | Entered Level 1 of the Lair of Beasts
  9765 | Lair:1   | XOM: snakes to sticks
  9850 | Lair:1   | Noticed an eight-headed hydra
  9852 | Lair:1   | Noticed a minotaur
  9852 | Lair:1   | an eight-headed hydra changed into a minotaur
  9852 | Lair:1   | XOM: polymorph eight-headed hydra -> minotaur
  9861 | Lair:1   | XOM: 1-stop teleportation journey
  9873 | Lair:1   | XOM: summons 6 hostile demons
  9993 | Lair:1   | XOM: summons 6 hostile demons
  9994 | Lair:1   | Noticed a soul eater
 10047 | Lair:1   | XOM: give mutations
 10047 | Lair:1   | Gained mutation: You are resistant to electric shocks. (rElec) [Xom's mischief]
 10047 | Lair:1   | Lost mutation: You are surrounded by a mild repulsion field. (EV +2) [Xom's mischief]
 10090 | Lair:1   | XOM: noise
 10111 | Lair:1   | XOM: summons 4 hostile demons
 10269 | Lair:1   | Noticed a five-headed hydra
 10269 | Lair:1   | a minotaur changed into a five-headed hydra
 10269 | Lair:1   | XOM: polymorph minotaur -> five-headed hydra
 10275 | Lair:1   | Killed a five-headed hydra
 10527 | Lair:1   | Noticed a five-headed hydra
 10550 | Lair:1   | XOM: smoke on damage
 10551 | Lair:1   | Killed a five-headed hydra
 10803 | Lair:1   | XOM: destruction
 10805 | Lair:1   | Reached XP level 13. HP: 66/79 MP: 25/25
 10892 | Lair:1   | XOM: fog
 10896 | Lair:1   | XOM: scenery: create altars
 10953 | Lair:2   | Found a staircase to the Swamp.
 11104 | Lair:2   | XOM: harmless Hex miscast
 11283 | Lair:2   | XOM: mild Conj miscast
 11447 | Lair:2   | XOM: harmless Summ miscast
 11508 | Lair:2   | Reached skill level 11 in Fighting
 11513 | Lair:2   | XOM: polymorph killer bee -> worker ant
 11515 | Lair:2   | XOM: cast spell 'Monstrous Menagerie'
 11518 | Lair:2   | XOM: summons 3 friendly demons
 11540 | Lair:2   | XOM: summons friendly crimson imp
 11667 | Lair:2   | XOM: enchant monster (bad)
 11701 | Lair:2   | XOM: enchant monster (bad)
 11934 | Lair:2   | XOM: harmless Air miscast
 11994 | Lair:2   | Learned a level 3 spell: Gell's Gravitas
 12141 | Lair:3   | XOM: noise
 12181 | Lair:3   | XOM: swap monsters
 12418 | Lair:3   | Reached skill level 1 in Translocations
 12435 | Lair:3   | XOM: scenery: create altars
 12582 | Lair:3   | XOM: god gift: glowing battleaxe {god gift}
 12621 | Lair:3   | Found a hole to the Spider Nest.
 12801 | Lair:4   | XOM: summons friendly shadow imp
 12802 | Lair:4   | XOM: summons friendly quasit
 12821 | Lair:4   | XOM: confuse monster(s)
 12858 | Lair:4   | XOM: fog
 12871 | Lair:4   | XOM: mild Chrm miscast
 12933 | Lair:4   | XOM: give mutations
 12933 | Lair:4   | Gained mutation: Your body sometimes deteriorates upon taking damage. [Xom's mischief]
 13280 | Lair:4   | XOM: mild Erth miscast
 13333 | Lair:5   | XOM: harmless Erth miscast
 13336 | Lair:5   | XOM: harmless Air miscast
 13337 | Lair:5   | Reached skill level 10 in Bows
 13352 | Lair:5   | XOM: torment (52/81 hp)
 13353 | Lair:5   | XOM: 5-stop teleportation journey
 13387 | Lair:5   | XOM: summons friendly hellwing
 13393 | Lair:5   | Reached XP level 14. HP: 86/86 MP: 27/27
 13456 | Lair:5   | XOM: 3-stop teleportation journey
 13459 | Lair:5   | XOM: confuse monster(s)
 13720 | Lair:5   | Found a runed door.
 13720 | Lair:5   | Found a viscous altar of Jiyva.
 13720 | Lair:5   | Found a staircase to the Slime Pits.
 13747 | Lair:5   | XOM: smoke on damage
 13760 | Lair:5   | XOM: god gift: wand of acid (?/15) {god gift}
 13867 | Lair:5   | XOM: give mutation
 13867 | Lair:5   | Gained mutation: You have sharp toenails. [Xom's grace]
 13885 | Lair:5   | XOM: summons 5 friendly demons
 14000 | Lair:6   | Entered Level 6 of the Lair of Beasts
 14057 | Lair:6   | XOM: polymorph six-headed hydra -> tyrant leech
 14061 | Lair:6   | XOM: divination: detect items
 14130 | Lair:6   | XOM: snakes to sticks
 14258 | Lair:6   | XOM: polymorph blink frog -> troll
 14263 | Lair:6   | XOM: polymorph blink frog -> sky beast
 14335 | Lair:6   | XOM: scenery: 1 doors open
 14401 | Lair:6   | XOM: polymorph water moccasin -> warg
 14554 | Lair:6   | Learned a level 3 spell: Portal Projectile
 14597 | Lair:6   | Found an ancient bone altar of Kikubaaqudgha.
 14667 | Lair:6   | XOM: cleaving
 14671 | Lair:6   | XOM: blink monster(s)
 14893 | Lair:6   | XOM: give mutations
 14893 | Lair:6   | Lost mutation: Your spells are a little harder to cast, but a little more powerful. [Xom's mischief]
 14893 | Lair:6   | Lost mutation: You are dopey. (Int -2) [Xom's mischief]
 15119 | Lair:6   | XOM: mild Erth miscast
 15132 | Lair:6   | XOM: polymorph black bear -> queen bee
 15149 | Lair:6   | XOM: harmless Hex miscast
 15255 | Lair:6   | XOM: god gift: 9 gold pieces
 15302 | Lair:6   | XOM: noise
 15309 | Lair:6   | Reached skill level 12 in Fighting
 15322 | Lair:6   | XOM: polymorph black bear -> hog
 15327 | Lair:6   | XOM: summons friendly crimson imp
 15360 | Lair:6   | XOM: polymorph wolf -> worker ant
 15562 | Lair:6   | Got a polished leather armour
 15568 | Lair:6   | Identified the +1 leather armour of Woiskan {Int+5} (You found it on level 6 of the Lair of Beasts)
 15924 | Orc:1    | Entered Level 1 of the Orcish Mines
 15926 | Orc:1    | Noticed an orc warlord
 15933 | Orc:1    | XOM: confuse monster(s)
 15934 | Orc:1    | XOM: enchant monster (good)
 15940 | Orc:1    | Killed an orc warlord
 15940 | Orc:1    | Reached XP level 15. HP: 64/92 MP: 16/29
 15943 | Orc:1    | XOM: enchant monster (good)
 15974 | Orc:2    | Entered Level 2 of the Orcish Mines
 15975 | Orc:2    | Found a staircase to the Elven Halls.
 16010 | Orc:1    | XOM: harmless Air miscast
 16043 | Orc:1    | XOM: cast spell 'Death Channel'
 16046 | Orc:1    | Reached skill level 5 in Translocations
 16078 | Orc:1    | Found a dark tunnel.
 16086 | Volcano  | XOM: stealth player
 16086 | Volcano  | Entered a volcano
 16313 | Volcano  | Found a burning altar of Makhleb.
 16343 | Volcano  | Reached skill level 10 in Dodging
 16406 | Volcano  | XOM: potion effect (haste)
 16562 | Volcano  | Lost mutation: You passively map a small area around you. [potion of mutation]
 16562 | Volcano  | Lost mutation: You have sharp toenails. [potion of mutation]
 16562 | Volcano  | Lost mutation: You possess an exceptional clarity of mind. [potion of mutation]
 16562 | Volcano  | Gained mutation: Your body often deteriorates upon taking damage. [potion of mutation]
 16562 | Volcano  | Gained mutation: You are dopey. (Int -2) [potion of mutation]
 16562 | Volcano  | Gained mutation: You have a pair of small antennae on your head. [potion of mutation]
 16905 | Orc:2    | XOM: confuse monster(s)
 16926 | Orc:2    | XOM: 7-stop teleportation journey
 17071 | Orc:2    | XOM: polymorph troll -> meliai
 17250 | Orc:2    | XOM: god gift: royal jelly
 17262 | Orc:2    | XOM: summons 4 friendly demons
 17321 | Orc:2    | XOM: give mutations
 17321 | Orc:2    | Gained mutation: Your spells are a little harder to cast, but a little more powerful. [Xom's grace]
 17321 | Orc:2    | Gained mutation: Your flesh is heat resistant. (rF+) [Xom's grace]
 17357 | Orc:2    | XOM: scenery: create altars
 17529 | Orc:2    | XOM: smoke on damage
 17727 | Orc:2    | Found Ohaig's Antique Armour Emporium.
 17727 | Orc:2    | Found Dif Vur's Book Shop.
 17729 | Orc:2    | Found Gaupo's Antique Weapon Boutique.
 17731 | Orc:2    | Found Poepp's Magic Scroll Shoppe.
 17743 | Orc:2    | Bought a scroll of identify for 26 gold pieces
 17743 | Orc:2    | Bought a scroll of identify for 26 gold pieces
 17743 | Orc:2    | Bought a scroll of identify for 26 gold pieces
 17743 | Orc:2    | Bought 2 scrolls of summoning for 247 gold pieces
 17743 | Orc:2    | Bought a scroll of blinking for 97 gold pieces
 17743 | Orc:2    | Bought 3 scrolls of fear for 136 gold pieces
 17743 | Orc:2    | Bought 3 scrolls of magic mapping for 136 gold pieces
 17743 | Orc:2    | Bought a scroll of enchant armour for 97 gold pieces
 17743 | Orc:2    | Bought a scroll of identify for 26 gold pieces
 18018 | D:12     | XOM: harmless Ice miscast
 18029 | D:12     | XOM: divination: detect items
 18100 | D:12     | XOM: potion effect (magic)
 18104 | D:12     | Killed Frances
 18295 | D:13     | XOM: potion effect (brilliance)
 18298 | D:13     | XOM: potion effect (invisibility)
 18411 | D:13     | XOM: mild Fire miscast
 18485 | D:13     | XOM: confuse monster(s)
 18513 | D:13     | Found a gate to the Vaults.
 18513 | D:13     | XOM: 8-stop teleportation journey
 18705 | D:13     | Noticed Azrael
 18713 | D:13     | Killed Azrael
 18714 | D:13     | XOM: summons friendly quasit
 18839 | D:13     | Slain by an enormous slime creature

Vault maps used:
D:1:      mushboom_english_gardens
D:2:      uniq_sigmund
D:3:      minmay_gold_behind_fungi
D:4:      overflow_temple_1_default, minivault_11, fountainhead,
          nemelex_dance_club_becter, uniq_natasha
D:5:      old_forge, first_bread
D:6:      temple_green, basic_altar
D:9:      hiddenorc2_lemuel, uniq_maurice, uniq_joseph, uniq_gastronok
D:10:     lair_entry_dummy, hangedman_stone_soup
D:11:     uniq_fannar
D:12:     uniq_nergalle, uniq_sonja, uniq_psyche, uniq_frances, uniq_urug,
          uniq_harold
D:13:     erik_vaults_1, minmay_misc_feat_columns, uniq_azrael
Lair:1:   minmay_guarded_unrand_snakebite, wad_woods_river_01,
          grunt_megastairs_3
Lair:2:   regret_index_wax_grids, swamp_mist
Lair:3:   spider_nest_entry_funnel_web, zaba_anthell
Lair:5:   slime_altar_2, grunt_megastairs_1, lemuel_fruit_tree
Lair:6:   hangedman_lair_caniforms_friends, guppyfry_lair_end_dragon,
          basic_altar, serial_bayou_shore_b
Orc:1:    nicolae_volcano_entry_hallway
Orc:2:    st_orc_rangers
Volcano:  volcano_lake

Skill      XL: |  1  2  3  4  5  6  7  8  9 10 11 12 13 14 15 |
---------------+----------------------------------------------+-----
Dodging        | 1 2 3 4 5 7 8 9 10 | 10.9
Fighting       | 3 4 5 6 7 8 9 10 11 12 | 12.5
Spellcasting   | 1 2 3 4 5 6 7 8 9 |  9.6
Armour         | 2 3 4 5 6 7 8 |  8.9
Evocations     | 1 2 3 5 6 7 8 9 |  9.0
Bows           | 2 4 6 7 8 10 11 | 11.7
Translocations | 2 4 5 |  5.7
Polearms       | |  2.6

Action                   |  1- 3 |  4- 6 |  7- 9 | 10-12 | 13-15 || total
-------------------------+-------+-------+-------+-------+-------++-------
Melee: Spear             |    97 |   147 |   270 |       |       ||   514
       Bite              |    16 |    49 |   111 |   381 |   643 ||  1200
       Dagger            |       |       |    75 |   753 |    55 ||   883
       Whip              |       |       |       |    31 |  1369 ||  1400
Evoke: Wand              |       |       |     5 |    46 |    35 ||    86
       Phantom mirror    |       |       |       |     1 |       ||     1
  Use: Scroll            |     6 |     5 |     1 |    19 |    21 ||    52
       Potion            |     2 |       |       |     2 |    10 ||    14
 Stab: Sleeping          |       |     3 |     1 |     1 |     1 ||     6
       Confused          |       |     1 |     1 |    10 |     1 ||    13
       Paralysed         |       |     3 |       |       |    32 ||    35
       Petrifying        |       |       |     1 |     2 |       ||     3
       Distracted        |       |       |     3 |       |     3 ||     6
       Invisible         |       |       |       |     9 |     4 ||    13
       Petrified         |       |       |       |     1 |       ||     1
  Eat: Chunk             |       |     5 |     8 |    20 |    27 ||    60
       Fruit             |       |       |       |     2 |     1 ||     3
       Royal jelly       |       |       |       |       |     1 ||     1
Armor: Leather armour    |    25 |    27 |    88 |    19 |       ||   159
       Ring mail         |       |       |       |   298 |   624 ||   922
Dodge: Dodged            |    39 |    61 |   216 |   676 |  1632 ||  2624
